AoeStats
← Camargo

Golden Pit

507841851Analyzed
1v1 RM · 12d ago on Sep 19, 2026· 21m 5s· 2 players
Game mode
Random Map
Map size
Tiny (2 player)
Population
200
Speed
Normal
Resources
Standard
Victory
Conquest
Starting age
Dark Age
Ending age
Imperial Age
RankedLock teamsTeams togetherTeam positionsShared explorationLock speedFull tech treeHidden civsTurbo modeCheats
Victory
Defeat
🇨🇴 Teutons · Colombia
894
+14
🇹🇷 Bulgarians · Türkiye
857
-14
The Architect
10:20 Feudal Age
10:49 Double-Bit Axe
14:05 Bloodlines
22:56 Castle Age
Camargo
7:15 Loom
7:18 Loom
9:58 Feudal Age
10:51 Double-Bit Axe
12:56 Man-at-Arms
Connection lost

Rejoining the realm…

Still unreachable

The connection could not be restored.

Session expired

The server has moved on; the page needs a fresh start.